 Dungeon Crawl Stone Soup version 0.21-a0-28-g9a7844a (webtiles) character file.

1556 Rrauwl the Cleaver (level 8, -3/72 HPs)
             Began as a Hill Orc Fighter on May 26, 2017.
             Slain by a sky beast (5 damage)
             ... on level 6 of the Dungeon.
             The game lasted 00:14:56 (4504 turns).

Rrauwl the Cleaver (Hill Orc Fighter)               Turns: 4504, Time: 00:14:56

Health: -3/72      AC: 18    Str: 21    XL:     8   Next: 88%
Magic:  8/8        EV:  7    Int:  8    God:
Gold:   289        SH: 10    Dex: 10    Spells: 7/7 levels left

rFire    . . .     SeeInvis .   v - -2 war axe (curse)
rCold    . . .     Gourm    .   c - +0 shield
rNeg     + . .     Faith    .   g - +0 plate armour
rPois    .         Spirit   .   q - +0 helmet
rElec    .         Reflect  .   (no cloak)
rCorr    .         Harm     .   e - +1 pair of gloves
MR       .....                  d - +0 pair of boots
Stlth    ..........             l - amulet of inaccuracy (curse)
Regen    0.3/turn               s - ring of positive energy
MPRegen  0.2/turn               o - +3 ring of evasion

@: no status effects
A: hooves 1, rugged brown scales 1
a: no special abilities


You were on level 6 of the Dungeon.
You were not hungry.

You visited 1 branch of the dungeon, and saw 6 of its levels.

You collected 289 gold pieces.

Inventory:

Hand Weapons
 a - a +1 war axe
 v - a cursed -2 war axe (weapon)
Missiles
 i - 129 bolts
Armour
 c - a +0 shield (worn)
 d - a +0 pair of boots (worn)
 e - a +1 pair of gloves (worn)
 g - a +0 plate armour (worn)
 q - a +0 helmet (worn)
Jewellery
 b - a +4 ring of protection
 j - an uncursed ring of resist corrosion
 l - a cursed amulet of inaccuracy (around neck)
 o - a +3 ring of evasion (right hand)
 s - a ring of positive energy (left hand)
Wands
 y - a wand of digging (24/24)
Scrolls
 h - 3 scrolls of identify
 k - 2 scrolls of fog
 p - 3 scrolls of teleportation
 r - a scroll of amnesia
 t - 3 scrolls of magic mapping
 w - a scroll of fear
 z - a scroll of immolation
Potions
 x - 2 potions of flight
Comestibles
 f - a bread ration
 u - 2 meat rations


   Skills:
 - Level 6.1 Fighting
 + Level 10.1 Axes
 - Level 6.0 Armour
 - Level 6.0 Shields


You had 7 spell levels left.
You didn't know any spells.

Dungeon Overview and Level Annotations

Branches:
Dungeon (6/15)
 Temple: D:4-7

Altars:
Cheibriados
Fedhas
Trog
Vehumet

Annotations:
D:5 Grinder


Innate Abilities, Weirdness & Mutations

You have large cloven feet.
You are partially covered in rugged brown scales. (AC +1, +3% HP)


Message History

You completely miss something. You block something's attack.
You hit something but do no damage. You block something's attack.
You miss something. Something hits you but does no damage.
You miss something. Something hits you but does no damage.
You closely miss something. Something hits you but does no damage.
You closely miss something. Something hits you but does no damage.
Something hits you.
* * * LOW HITPOINT WARNING * * *
Something shocks you.
* * * LOW HITPOINT WARNING * * *
You miss something. Something hits you but does no damage.
You slash something! Something hits you but does no damage.
You closely miss something. Something hits you.
* * * LOW HITPOINT WARNING * * *
Something shocks you.
* * * LOW HITPOINT WARNING * * *
You closely miss something. Something hits you.
* * * LOW HITPOINT WARNING * * *
Something shocks you.
You die...

#..........#### #.#
#.#####....
#.........##.. ...
...........
#............# ##.
#..........
#............#
#.######...
#........###.... ####
#........# #### #
####..#### #.. .. #..##
######..... ###
####.########..@{......
.#.....#.......####.....
.........####### ...
.........# . ......(..#
.........# .........#
.........# .........#


There were no monsters in sight!

Vanquished Creatures
  Pikel (D:4)
  Menkaure (D:4)
  An ogre (D:6)
  A phantom (D:3)
  2 centaurs
  A bullfrog (D:6)
  A scorpion (D:6)
  A crimson imp (D:4)
  A hound (D:6)
  2 orc priests
  4 orc wizards
  A bullfrog skeleton (D:4)
  A centaur skeleton (D:4)
  3 worker ants
  Robin (D:2)
  2 gnolls (D:4)
  An adder (D:3)
  An ooze (D:1)
  An adder skeleton (D:4)
  A worm (D:2)
  2 dart slugs
  4 leopard geckos
  13 orcs
  A ball python (D:4)
  8 bats
  A giant cockroach (D:2)
  15 goblins
  9 hobgoblins
  7 jackals
  4 kobolds
  3 quokkas
  5 frilled lizards
  11 rats
111 creatures vanquished.

Vanquished Creatures (others)
  3 slaves (D:4)
  A hound (D:4)
  A jelly (D:4)
  2 gnolls (D:4)
  2 adders (D:4)
  A worm (D:3)
  An orc (D:4)
  A ball python (D:4)
  A frilled lizard (D:4)
13 creatures vanquished.

Grand Total: 124 creatures vanquished

Notes
Turn   | Place    | Note
-------+----------+-------------------------------------------
     0 | D:1      | Rrauwl the Hill Orc Fighter began the quest for the Orb.
     0 | D:1      | Reached XP level 1. HP: 19/19 MP: 1/1
    59 | D:1      | Reached XP level 2. HP: 26/27 MP: 2/2
    85 | D:1      | Reached skill level 3 in Axes
   213 | D:1      | Reached XP level 3. HP: 26/33 MP: 3/3
   903 | D:2      | Noticed Robin
   931 | D:2      | Killed Robin
   931 | D:2      | Reached skill level 4 in Axes
   931 | D:2      | Reached XP level 4. HP: 8/40 MP: 4/4
  1486 | D:3      | Noticed a phantom
  1520 | D:3      | Killed a phantom
  1520 | D:3      | Reached XP level 5. HP: 46/46 MP: 5/5
  1657 | D:3      | Found a radiant altar of Vehumet.
  1821 | D:3      | Found a bloodstained altar of Trog.
  2018 | D:3      | Gained mutation: You are partially covered in rugged brown scales. (AC +1, +3% HP) [potion of mutation]
  2018 | D:3      | Gained mutation: You have large cloven feet. [potion of mutation]
  2033 | D:3      | Reached XP level 6. HP: 24/53 MP: 6/6
  2241 | D:3      | Reached skill level 5 in Axes
  2464 | D:4      | Noticed a slave
  2466 | D:4      | Noticed Pikel
  2467 | D:4      | Noticed a slave
  2468 | D:4      | Noticed a slave
  2469 | D:4      | Noticed a slave
  2584 | D:4      | Killed Pikel
  2584 | D:4      | Reached skill level 5 in Fighting
  2584 | D:4      | Reached skill level 6 in Axes
  2584 | D:4      | Reached skill level 5 in Armour
  2584 | D:4      | Reached skill level 5 in Shields
  2584 | D:4      | Reached XP level 7. HP: 17/62 MP: 7/7
  3199 | D:4      | Reached XP level 8. HP: 42/72 MP: 8/8
  3454 | D:4      | Noticed Menkaure
  3472 | D:4      | Killed Menkaure
  3472 | D:4      | Reached skill level 7 in Axes
  3789 | D:5      | Entered Level 5 of the Dungeon
  3817 | D:5      | Reached skill level 8 in Axes
  4047 | D:5      | Noticed Grinder
  4127 | D:6      | Found a blossoming altar of Fedhas.
  4158 | D:6      | Found a snail-covered altar of Cheibriados.
  4270 | D:6      | Reached skill level 9 in Axes
  4440 | D:6      | Reached skill level 10 in Axes
  4484 | D:6      | HP: 3/72 [something (5)]
  4504 | D:6      | HP: 2/72 [something (2)]
  4504 | D:6      | Slain by a sky beast

Vault maps used:
D:1:      lemuel_arrival_behind_the_door_small
D:2:      uniq_robin
D:3:      fiery_altar_vehumet, trog_butcher_becter
D:4:      kennysheep_generic_room_6, uniq_pikel, uniq_menkaure
D:5:      ashenzari_conservatory_becter, first_bread, uniq_edmund, uniq_grinder
D:6:      lemuel_round_altar, lemuel_round_altar

Skill      XL: |  1  2  3  4  5  6  7  8 |
---------------+-------------------------+-----
Axes           | 3 4 6 10 | 10.1
Fighting       | 4 5 6 |  6.1
Shields        | 4 5 6 |  6.0
Armour         | 4 5 6 |  6.0

Action                   |  1- 3 |  4- 6 |  7- 9 || total
-------------------------+-------+-------+-------++-------
Melee: War axe           |   113 |   362 |   381 ||   856
  Use: Scroll            |     4 |     3 |     5 ||    12
       Potion            |       |     7 |     3 ||    10
  Eat: Chunk             |       |     6 |     5 ||    11
       Fruit             |       |       |     1 ||     1
       Royal jelly       |       |       |     1 ||     1
Armor: Scale mail        |    69 |   155 |       ||   224
       Skin              |       |     5 |       ||     5
       Plate armour      |       |    25 |   279 ||   304
Dodge: Dodged            |    39 |   171 |    95 ||   305
Block: Shield            |    69 |   249 |   204 ||   522
